 Dungeon Crawl Stone Soup version 0.30-a0-218-gedb9141078 (webtiles) character file.

Game seed: 18202588925612936312

11557 KennySheep the Basher (level 11, -2/123 HPs)
             Began as an Ogre Gladiator on Oct 6, 2022.
             Was a Priest of Ashenzari.
             Slain by a glowing shapeshifter simulacrum (22 damage)
             ... in an ice cave.
             The game lasted 00:50:28 (14730 turns).

KennySheep the Basher (Ogre Gladiator)             Turns: 14730, Time: 00:50:28

Health: -2/123     AC:  6    Str: 24    XL:     11   Next: 79%
Magic:  11/11      EV: 11    Int:  9    God:    Ashenzari [***...]
Gold:   621        SH:  0    Dex: 10    Spells: 10/10 levels left

rFire   . . .      SeeInvis +    a - +0 giant spiked club (vorpal)
rCold   . . .      Faith    .    (shield currently unavailable)
rNeg    . . .      Spirit   .    b - +0 robe "Restrained Ordeal" {Alch, Self} (curse)
rPois   .          Reflect  .    c - +0 hat of Ashenzari's Repose {Alch, Melee} (curse)
rElec   .          Harm     .    M - +2 cloak "Seer of Ashenzari" {rCorr, Melee, Fort} (curse)
rCorr   +          Rampage  .    (gloves unavailable)
Will    +....      Clarity  +    (boots unavailable)
Stlth   +.........               (no amulet)
HPRegen 0.40/turn                G - ring of see invisible
MPRegen 0.12/turn                r - ring "Affliction of Ashenzari" {Fly, Melee, Cun} (curse)

@: flying, studying Translocations
A: large, unfitting armour, tough skin 1
a: Renounce Religion, Curse Item, Shatter the Chains


You were in an ice cave.
You worshipped Ashenzari.
Ashenzari was most pleased with you.
You visited 1 branch of the dungeon, and saw 11 of its levels.
You also visited: Ossuary, Bailey and Ice Cave.

You collected 621 gold pieces.

Inventory:

Hand Weapons
 a - a +0 vorpal giant spiked club (weapon)
 E - a +0 giant club
Missiles
 d - a throwing net
 e - 3 large rocks (quivered)
 l - 8 boomerangs
 B - 7 curare-tipped darts
Armour
 b - the cursed +0 robe "Restrained Ordeal" (worn) {Alch, Self}

   It has a curse which improves the following skills: Alchemy: Poison Magic and
   Transmutations.
   Introspection: Fighting and Spellcasting.
 c - the cursed +0 hat of Ashenzari's Repose (worn) {Alch, Melee}

   It has a curse which improves the following skills: Alchemy: Poison Magic and
   Transmutations.
   Melee Combat: Short Blades, Long Blades, Axes, Maces & Flails, Polearms,
   Staves and Unarmed Combat.
 M - the cursed +2 cloak "Seer of Ashenzari" (worn) {rCorr, Melee, Fort}
   (You found it in a bailey)

   It has a curse which improves the following skills: Melee Combat: Short
   Blades, Long Blades, Axes, Maces & Flails, Polearms, Staves and Unarmed
   Combat.
   Fortitude: Armour and Shields.
 O - a +1 hat
Magical Staves
 L - a staff of death
Jewellery
 r - the cursed ring "Affliction of Ashenzari" (right hand) {Fly, Melee, Cun}
   (You found it on level 2 of the Dungeon)

   [ring of flight]

   Fly:       It grants you flight.
   It has a curse which improves the following skills: Melee Combat: Short
   Blades, Long Blades, Axes, Maces & Flails, Polearms, Staves and Unarmed
   Combat.
   Cunning:   Dodging and Stealth.
 v - a +6 ring of intelligence
 F - a ring of fire
 G - a ring of see invisible (left hand)
 J - an amulet of magic regeneration
 S - a +6 ring of strength
Wands
 x - a wand of flame (39)
 I - a wand of paralysis (20)
 Q - a wand of iceblast (7)
Scrolls
 f - 9 scrolls of identify
 g - 4 scrolls of amnesia
 h - 2 scrolls of enchant armour
 k - 2 scrolls of teleportation
 w - a scroll of magic mapping
 y - a scroll of butterflies
 z - a scroll of brand weapon
 A - 2 scrolls of immolation
 D - a scroll of vulnerability
 H - 2 scrolls of fear
 K - 2 scrolls of blinking
 R - a scroll of summoning
Potions
 i - 5 potions of curing
 j - 5 potions of haste
 m - a potion of attraction
 n - 6 potions of brilliance
 o - 2 potions of mutation
 p - 2 potions of resistance
 q - a potion of invisibility
 s - 2 potions of heal wounds
 t - 5 potions of lignification
 u - a potion of ambrosia
 C - 2 potions of cancellation
 P - a potion of berserk rage
Miscellaneous
 N - a piece from Xom's chessboard (15/15)


   Skills:
 + Level 10.1(11.7) Fighting
 * Level 13.2(16.4) Maces & Flails
 + Level 8.6 Throwing
 - Level 4.2(5.8) Dodging


You had 10 spell levels left.
You didn't know any spells.
Your spell library contained the following spells:

 Spells                   Type           Power      Damage    Failure   Level
 Apportation              Tloc           0%         N/A       38%         1
 Magic Dart               Conj           0%         1d3       38%         1
 Necrotise                Necr           0%         1d4       38%         1
 Summon Small Mammal      Summ           0%         N/A       38%         1
 Blink                    Tloc           0%         N/A       52%         2
 Searing Ray              Conj           0%         2d4       52%         2
 Call Canine Familiar     Summ           0%         N/A       77%         3
 Portal Projectile        Hex/Tloc       0%         N/A       77%         3
 Summon Guardian Golem    Hex/Summ       0%         N/A       77%         3
 Fulminant Prism          Conj/Hex       0%         3d6       99%         4
 Leda's Liquefaction      Hex/Erth       0%         N/A       99%         4
 Manifold Assault         Tloc           0%         N/A       99%         4
 Orb of Destruction       Conj           0%         9d5       100%        7
 Spellforged Servitor     Conj/Summ      0%         N/A       100%        7
 Storm Form               Tmut/Air       0%         N/A       100%        7


Dungeon Overview and Level Annotations

Branches:
Dungeon (11/15)            Temple (0/1) D:6            Lair (0/5) D:9
    Orc (0/2) D:10        Ossuary (visited)          Bailey (visited)
  IceCv (1/1)

Altars:
Ashenzari
Cheibriados
Dithmenos
Elyvilon
Okawaru
Qazlal
Sif Muna
Trog
Xom

Shops:
D:2 *   D:4 *   D:5 :

Annotations:
IceCv exclusion: ice statue


Innate Abilities, Weirdness & Mutations

You are too large for most types of armour.
You have tough skin. (AC +1)


Message History

The ice beast hits you but does no damage.
You hit the ice beast but do no damage. You closely miss the ice beast.
The ice beast hits you. The ice beast freezes you!
* * * LOW HITPOINT WARNING * * *
The ice beast attacks as you move away!
The ice beast hits you but does no damage.
The ice beast attacks as you move away!
The ice beast hits you but does no damage.
The ice beast attacks as you move away! The ice beast completely misses you.
You barely miss the ice beast. The ice beast closely misses you.
You hit the ice beast.
The ice beast is lightly wounded.
The ice beast hits you but does no damage.
You barely miss the ice beast.
The ice beast is lightly wounded.
The ice beast hits you but does no damage.
You hit the ice beast.
The ice beast is lightly wounded.
The ice beast hits you but does no damage.
The ice beast attacks as you move away! The ice beast barely misses you.
You bludgeon the ice beast!!
You kill the ice beast!
The ice beast disappears in a puff of smoke!
You barely miss the ice beast. The ice beast hits you.
* * * LOW HITPOINT WARNING * * *
The ice beast freezes you!
* * * LOW HITPOINT WARNING * * *
You impale the ice beast!!
The ice beast is almost dead.
The ice beast closely misses you.
You pound the ice beast like an anvil!!!
You kill the ice beast!
The ice beast disappears in a puff of smoke!
You sock the glowing shapeshifter simulacrum!
The glowing shapeshifter simulacrum is heavily damaged.
The glowing shapeshifter simulacrum hits you.
* * * LOW HITPOINT WARNING * * *
The glowing shapeshifter simulacrum freezes you!!
You die...

##.## ##.##
####...####
####.........#
###.....#####...
##....####,, ##.
####...### , ##.....##
,, , , ##...@.##∆∆
,######* ,
#...Z###,∆∆###....####
#...Z.## ###.........#
#......###...Z.###8.Z.
##.....Z.....### ##..
###.........# * .
########### , ** ** ,
, , ,, ,


You could see a shapeshifter simulacrum and a glowing shapeshifter simulacrum.

Vanquished Creatures
  A two-headed ogre (D:8)
  An ugly thing (D:6)
  A cyclops (D:7)
  A gargoyle (Bailey)
  2 rime drakes (D:11)
  A hornet (D:10)
  A dream sheep (D:7)
  A wyvern (D:10)
  A vampire (Bailey)
  12 yaks
  2 steam dragons (D:8)
  A vampire mosquito (D:6)
  Menkaure (D:7)
  4 water moccasins
  3 ice beasts
  A sky beast (D:8)
  10 orc warriors
  A great orb of eyes simulacrum (IceCv)
  A centaur (D:10)
  3 ogres
  A slime creature simulacrum (IceCv)
  9 kobold brigands
  2 bullfrogs
  3 scorpions
  A necrophage (D:4)
  A gnoll sergeant (D:9)
  A glowing shapeshifter simulacrum (IceCv)
  3 elf skeletons (D:8)
  13 wights
  9 vampire bats (Bailey)
  A howler monkey (D:10)
  5 electric eels (D:10)
  6 wolf zombies (Bailey)
  4 crimson imps (D:8)
  8 orc priests
  A gnoll bouda (D:8)
  5 hounds
  A jelly (D:8)
  2 iguanas
  Ijyb (D:3)
  12 orc wizards
  2 human skeletons (D:8)
  2 shapeshifter simulacra (IceCv)
  A mummy (Ossuary)
  5 adders
  15 gnolls
  A shadow imp (D:7)
  A white imp (D:7)
  5 worms
  6 dart slugs
  26 orcs
  2 spectral bats (Ossuary)
  6 bats
  9 endoplasms
  A giant cockroach (D:1)
  12 gnoll zombies (Ossuary)
  11 goblins
  6 hobgoblins
  9 jackals
  42 kobolds
  A quokka (D:5)
  8 ball pythons
  3 bat simulacra (Ossuary)
  A frilled lizard (D:2)
  A goblin simulacrum (Ossuary)
  2 goblin zombies (Ossuary)
  5 hobgoblin zombies (Ossuary)
  2 kobold simulacra (Ossuary)
  7 kobold zombies (Ossuary)
  An orc skeleton (D:8)
  21 orc zombies
  4 rats
  7 rat simulacra (Ossuary)
  3 spectral goblins (Ossuary)
  3 spectral kobolds (Ossuary)
  3 spectral rats (Ossuary)
372 creatures vanquished.

Vanquished Creatures (others)
  16 plants
16 creatures vanquished.

Grand Total: 388 creatures vanquished

Notes
Turn   | Place    | Note
-------+----------+-------------------------------------------
     0 | D:1      | KennySheep the Ogre Gladiator began the quest for the Orb.
     0 | D:1      | Reached XP level 1. HP: 22/22 MP: 1/1
    54 | D:1      | Found a faded altar of an unknown god.
    58 | D:1      | Prayed at the altar of an unknown god.
    58 | D:1      | Became a worshipper of Ashenzari the Shackled
   221 | D:1      | Reached XP level 2. HP: 18/29 MP: 2/2
  1020 | D:2      | Reached skill level 3 in Maces & Flails
  1170 | D:2      | Reached XP level 3. HP: 30/37 MP: 3/3
  1269 | D:2      | Found Ucevea's General Store.
  1590 | D:2      | Reached XP level 4. HP: 45/45 MP: 4/4
  1751 | D:3      | Noticed a kobold brigand
  1997 | D:3      | Reached XP level 5. HP: 47/53 MP: 5/5
  2156 | D:3      | Noticed a kobold brigand
  2162 | D:3      | Killed a kobold brigand
  2184 | D:3      | Reached skill level 4 in Maces & Flails
  2184 | D:3      | Reached XP level 6. HP: 37/62 MP: 1/6
  2912 | D:3      | Noticed Ijyb
  2931 | D:3      | Killed Ijyb
  3014 | D:3      | Found a stormy altar of Qazlal.
  3210 | D:4      | Found a white marble altar of Elyvilon.
  3540 | D:4      | Found Benyucac's Lightly-Used Armoury.
  3775 | D:4      | Reached XP level 7. HP: 51/71 MP: 7/7
  4133 | D:5      | Entered Level 5 of the Dungeon
  4174 | D:5      | Found Evepsoon's Self-Improvement Boutique.
  4219 | D:5      | Reached * piety under Ashenzari
  4314 | D:5      | Found a bloodstained altar of Trog.
  4393 | D:5      | Reached skill level 5 in Fighting
  4393 | D:5      | Reached skill level 5 in Throwing
  4413 | D:5      | Reached skill level 5 in Maces & Flails
  5006 | D:5      | Reached XP level 8. HP: 73/83 MP: 8/8
  5632 | D:6      | Found an iron altar of Okawaru.
  5895 | D:6      | Noticed a green ugly thing
  5913 | D:6      | Found a staircase to the Ecumenical Temple.
  5921 | D:6      | Killed a green ugly thing
  5922 | D:6      | Reached skill level 7 in Maces & Flails
  5925 | D:6      | Reached skill level 8 in Maces & Flails
  5925 | D:6      | Reached XP level 9. HP: 31/89 MP: 9/9
  6161 | D:6      | Reached skill level 9 in Maces & Flails
  6432 | D:6      | Reached skill level 10 in Maces & Flails
  6756 | D:6      | Found a snail-covered altar of Cheibriados.
  7140 | D:6      | Identified the +3 leather armour of Yggeph {Contam Rampage
                  | Str+8 Stlth+}
  7629 | D:7      | Reached XP level 10. HP: 76/100 MP: 10/10
  7766 | D:7      | Found a flagged portal.
  7784 | Bailey   | Entered a bailey
  8474 | Bailey   | Reached skill level 11 in Maces & Flails
  8727 | Bailey   | Identified the +11 scale mail of the Hurricane {Rampage
                  | rElec rN++ Stlth+}
  8824 | Bailey   | Noticed a gargoyle
  8850 | Bailey   | Killed a gargoyle
  9393 | D:7      | Noticed a cyclops
  9403 | D:7      | Killed a cyclops
  9605 | D:7      | Noticed Menkaure
  9609 | D:7      | Killed Menkaure
  9875 | D:7      | Found a shimmering blue altar of Sif Muna.
 10338 | D:8      | Found a sand-covered staircase.
 10348 | Ossuary  | Entered an ossuary
 10527 | Ossuary  | Reached ** piety under Ashenzari
 10851 | D:8      | Reached skill level 12 in Maces & Flails
 10880 | D:8      | Noticed a two-headed ogre
 10883 | D:8      | Killed a two-headed ogre
 10884 | D:8      | Reached XP level 11. HP: 117/117 MP: 11/11
 11338 | D:8      | Found a shadowy altar of Dithmenos.
 11450 | D:8      | Found a shimmering altar of Xom.
 11660 | D:8      | Reached *** piety under Ashenzari
 11729 | D:8      | Noticed a two-headed hydra
 12280 | D:9      | Found a staircase to the Lair.
 12957 | D:10     | Entered Level 10 of the Dungeon
 13340 | D:10     | Reached skill level 13 in Maces & Flails
 13969 | D:10     | Paralysed by a hornet for 3 turns
 14481 | D:10     | Found a staircase to the Orcish Mines.
 14516 | D:11     | Found a frozen archway.
 14522 | D:11     | Reached skill level 10 in Fighting
 14531 | IceCv    | Entered an ice cave
 14730 | IceCv    | Slain by a glowing shapeshifter simulacrum

Illustrated notes

Levels and vault maps discovered:
D:1:      nicolae_arrival_washed_ashore, layout_basic,
          hellmonk_ecumenical_altar_heavens_door, corexii_corridor_pit,
          hex_intersection, minmay_misc_feat_more_columns, serial_park_tiny_pond
D:2:      layout_basic, serial_shops, nicolae_shop_waterfront,
          minmay_pentomino_z2
D:3:      cheibrodos_thug_alley, layout_rooms, nicolae_qazlal_eye_of_the_storm,
          nicolae_grassy_gnolls, uniq_ijyb
D:4:      layout_loops_ring, elyvilon_altar_5, minmay_shop_damaged
D:5:      layout_gridville, lemuel_crystal_altar, nicolae_shop_self_help
D:6:      layout_loops_corners, cheibrodos_worm_habitat,
          overflow_temple_1_default, minmay_temple_entry_junction_2,
          minmay_manual_mandibuliform
D:7:      layout_basic, kennysheep_orc_sif_temple, enter_bailey_3, uniq_menkaure
D:8:      layout_rooms, grunt_dithmenos_smoke, led_xom_imps,
          nicolae_ossuary_entry_catacombs, st_stairs_11, hangedman_ranch
D:9:      layout_long_grid, lair_entry_dummy, kennysheep_nub, minmay_misc_feat_x
D:10:     layout_cave_pools, erik_orc_2
D:11:     layout_basic, ebering_ghost_rock_garden, portal_ice_cave_rime,
          grunt_tough_drop, uniq_amaemon, uniq_harold, uniq_fannar
IceCv:    ice_cave_hellmonk_azure_passage

Skill      XL: |  1  2  3  4  5  6  7  8  9 10 11 |
---------------+----------------------------------+-----
Fighting       | 3 4 5 6 8 10 | 10.1
Maces & Flails | 3 4 5 8 10 12 13 | 13.2
Dodging        | 3 4 |  4.2
Throwing       | 3 4 5 7 8 |  8.6

Action                   |  1- 3 |  4- 6 |  7- 9 | 10-12 || total
-------------------------+-------+-------+-------+-------++-------
Melee: Flail             |    94 |   152 |    17 |       ||   263
       Giant spiked club |       |       |   161 |   480 ||   641
       Giant club        |       |       |     8 |       ||     8
Throw: Throwing net      |     1 |       |     4 |     3 ||     8
       Boomerang         |     8 |    62 |    59 |   135 ||   264
       Large rock        |       |       |     2 |    35 ||    37
Invok: Curse Item        |     1 |       |     2 |     2 ||     5
       Shatter the Chain |       |       |     1 |       ||     1
  Use: Scroll            |     3 |     3 |     6 |     2 ||    14
       Potion            |       |       |     1 |     2 ||     3
 Stab: Held in net/web   |       |       |     2 |     1 ||     3
Armor: Robe              |    39 |    43 |    71 |   171 ||   324
Dodge: Dodged            |    77 |    87 |   139 |   285 ||   588

Table legend: (Time is in decaauts)
 A = Elapsed time spent in this place.
 B = Non-inter-level travel time spent in this place.
 C = Inter-level travel time spent in this place.
 D = Time resting spent in this place.
 E = Time spent auto-exploring this place.
 F = Levels seen in this place.
 G = Mean time per level.
                   A        B        C        D        E       F      G
               +--------+--------+--------+--------+--------+-----+--------+
         Total |  14964 |  14495 |    469 |   4105 |   7545 |  14 | 1068.9 |
       Dungeon |  12841 |  12372 |    469 |   2961 |   7205 |  11 | 1167.4 |
       Ossuary |    463 |    463 |      0 |      0 |    217 |   1 |  463.0 |
        Bailey |   1459 |   1459 |      0 |   1025 |    110 |   1 | 1459.0 |
      Ice Cave |    200 |    200 |      0 |    118 |     13 |   1 |  200.0 |
               +--------+--------+--------+--------+--------+-----+--------+

Top non-repeatable levels by time:
     D:6: 1791 daAuts
     D:7: 1605 daAuts
     D:5: 1487 daAuts
  Bailey: 1459 daAuts
    D:10: 1430 daAuts
     D:3: 1414 daAuts
     D:9: 1251 daAuts
     D:1: 1071 daAuts
     D:8: 1043 daAuts
     D:4: 1028 daAuts
     D:2: 697 daAuts
 Ossuary: 463 daAuts
   IceCv: 200 daAuts
    D:11: 19 daAuts
